 Dungeon Crawl Stone Soup version 0.31-a0-986-g5e6e4ef867 (webtiles) character file.

Game seed: 8243510177687772709

210 Dittersdorf the Covered (level 5, -2/34 HPs)
             Began as a Gargoyle Fighter on Nov 3, 2023.
             Slain by Edmund
             ... wielding a +1 heavy flail
              (10 damage)
             ... on level 4 of the Dungeon.
             The game lasted 00:05:10 (2721 turns).

Dittersdorf the Covered (Gargoyle Fighter)          Turns: 2721, Time: 00:05:11

Health: -2/34      AC: 15    Str: 22    XL:     5   Next: 88%
Magic:  14/14      EV:  9    Int:  8    God:
Gold:   224        SH:  4    Dex:  9    Spells: 4/4 levels left

rFire   . . .        a - +0 flail
rCold   . . .        c - +0 buckler
rNeg    + . .        b - +0 scale mail
rPois   ∞            (no helmet)
rElec   +            f - +1 cloak
rCorr   .            k - +1 pair of gloves
SInv    .            (no boots)
Will    .....        (no amulet) Stlth
                     n - ring of magical power
HPRegen 0.25/turn    (no ring)
MPRegen 0.14/turn

%: no passive effects
@: no status effects
A: sickness immunity, AC +4, negative energy resistance 1, electricity
resistance, torment resistance 1, petrification resistance
a: no special abilities


You were on level 4 of the Dungeon.
You visited 1 branch of the dungeon, and saw 4 of its levels.
You also visited: Sewer.

You collected 224 gold pieces.

Inventory:

Hand Weapons
 a - a +0 flail (weapon)
Armour
 b - a +0 scale mail (worn)
 c - a +0 buckler (worn)
 f - a +1 cloak (worn)
 k - a +1 pair of gloves (worn)
Jewellery
 n - a ring of magical power (left hand)
Wands
 l - a wand of light (9) (quivered)
Scrolls
 e - a scroll of fog
 g - a scroll of enchant armour
 p - a scroll of vulnerability {unknown}
 q - a scroll of torment {unknown}
 r - a scroll of fear {unknown}
 u - a scroll of revelation {unknown}
 v - a scroll of poison {unknown}
 w - a scroll of silence {unknown}
 x - a scroll of summoning {unknown}
Potions
 d - 3 potions of might
 h - a potion of ambrosia
 i - 3 potions of heal wounds
 j - 2 potions of invisibility
 m - a potion of mutation
 o - a potion of cancellation
 s - a potion of degeneration {unknown}
 t - a potion of enlightenment {unknown}


   Skills:
 + Level 4.5 Fighting
 + Level 3.2 Maces & Flails
 + Level 4.5 Armour
 + Level 4.5 Shields


You had 4 spell levels left.
You didn't know any spells.
Your spell library contained the following spells:

 Spells                   Type           Power      Damage    Failure   Level
 Hailstorm                Conj/Ice       0%         3d3       99%         3
 Summon Ice Beast         Ice/Summ       0%         N/A       100%        4
 Simulacrum               Ice/Necr       0%         N/A       100%        6


Dungeon Overview and Level Annotations

Branches:
Dungeon (4/15)              Sewer (visited)
 Temple: D:4-7

Altars:

Shops:
D:1 :[:   D:3 (

Annotations:
D:4 Edmund


Innate Abilities, Weirdness & Mutations

You are immune to sickness and miasma.
Your stone body is resilient. (AC +4)
You are immune to poison.
You resist negative energy. (rN+)
You are resistant to electric shocks. (rElec)
You are resistant to unholy torment.
You are immune to petrification.


Message History

The goblin barely misses you.
You sock Edmund!
Edmund is heavily wounded.
Edmund closely misses you. The goblin hits you but does no damage.
You hit Edmund but do no damage.
Edmund is heavily wounded.
Edmund hits you but does no damage. The goblin hits you with a +0 dagger.
You closely miss Edmund.
Edmund is heavily wounded.
The goblin misses you. Edmund closely misses you.
You closely miss Edmund.
Edmund is heavily wounded.
The goblin hits you but does no damage.
You hit Edmund.
Edmund is severely wounded.
Edmund hits you with a +1 heavy flail. The goblin hits you but does no damage.
The goblin barely misses you.
You barely miss Edmund.
Edmund is severely wounded.
Edmund hits you with a +1 heavy flail! The goblin hits you but does no damage.
You are too injured to fight recklessly!
You are too injured to fight recklessly!
You are too injured to fight recklessly!
You are too injured to fight recklessly!
You are too injured to fight recklessly!
You are too injured to fight recklessly!
You are too injured to fight recklessly!
You are too injured to fight recklessly!
You are too injured to fight recklessly!
There is an escape hatch in the floor here.
Edmund attacks as he pursues you! Edmund hits you but does no damage.
You hit Edmund but do no damage.
Edmund is severely wounded.
Edmund hits you with a +1 heavy flail.
* * * LOW HITPOINT WARNING * * *
You thump Edmund!
Edmund is almost dead.
Edmund hits you with a +1 heavy flail!
You die...
Edmund says, "That'll show my brother!"

......#
..#.......#.#########
#....## ###.).....#.#
##....# #.........#
#.##.# #........##
#.# ... #........#
..# .### ######.#.#
#### .# ........#.###
##.#.#########...#
..(....g@@.....#.#
.......#######...#
$...... #####.####
....... #........#
....... #........#
)...... #........#
....... ##########
.......


You could see Edmund and a goblin.

Vanquished Creatures
  An orc priest (D:4)
  4 adders
  3 gnolls (D:2)
  3 river rats (Sewer)
  A worm (D:3)
  2 dart slugs
  9 orcs
  6 ball pythons
  3 endoplasms
  2 giant cockroaches (D:3)
  3 goblins
  7 hobgoblins
  4 jackals
  2 quokkas
  3 bats
  8 frilled lizards
  8 kobolds
  14 rats
83 creatures vanquished.

Notes
Turn   | Place    | Note
-------+----------+-------------------------------------------
     0 | D:1      | Dittersdorf the Gargoyle Fighter began the quest for the
                  | Orb.
     0 | D:1      | Reached XP level 1. HP: 14/14 MP: 1/1
    81 | D:1      | Found Pikuag's Armour Shop.
   155 | D:1      | Found Hoerih's Book Emporium.
   165 | D:1      | Reached XP level 2. HP: 16/19 MP: 2/2
   501 | D:1      | Found Secwoicu's Book Emporium.
   933 | D:2      | Reached XP level 3. HP: 18/24 MP: 3/3
  1072 | D:2      | Reached XP level 4. HP: 3/29 MP: 4/4
  1205 | D:2      | Found a faded altar of an unknown god.
  1262 | D:2      | You fall into a shaft and drop 2 floors!
  1643 | D:3      | Found Jyphoussikhe's Weapon Shop.
  1779 | D:3      | Found a glowing drain.
  1788 | D:3      | Reached XP level 5. HP: 33/33 MP: 5/5
  1796 | Sewer    | Entered a sewer
  2614 | D:4      | Identified the +2 robe of Moral Flaws {rElec rPois Int-4
                  | Archmagi}
  2700 | D:4      | Noticed Edmund
  2721 | D:4      | Slain by Edmund

Illustrated notes

Levels and vault maps discovered:
D:1:      ncdulo_wetmaze, layout_basic, serial_shops, shop,
          nicolae_shop_getting_attention, nicolae_shop_behind_doors
D:2:      layout_loops_corners, ebering_ecumenical_altar_webs,
          kennysheep_big_empty_room, minmay_misc_feat_roman, minmay_cut_off
D:3:      layout_basic, portal_sewer_entry_d, serial_shops,
          nicolae_shop_hallway_plus, minivault_19
D:4:      layout_basic, minmay_temple_entry_ruins, uniq_edmund

Skill      XL: |  1  2  3  4 |
---------------+-------------+-----
Armour         | 4 |  4.5
Fighting       | 4 |  4.5
Shields        | 4 |  4.5
Maces & Flails | 3 |  3.2

Action                     |  1- 3 |  4- 6 || total
---------------------------+-------+-------++-------
  Melee: Flail             |    90 |   193 ||   283
    Use: Scroll            |       |     9 ||     9
 Armour: Scale mail        |    60 |   160 ||   220
  Dodge: Dodged            |    40 |   108 ||   148
  Block: Buckler           |    20 |    34 ||    54

Table legend: (Time is in decaauts)
 A = Elapsed time spent in this place.
 B = Non-inter-level travel time spent in this place.
 C = Inter-level travel time spent in this place.
 D = Time resting spent in this place.
 E = Time spent auto-exploring this place.
 F = Levels seen in this place.
 G = Mean time per level.
                   A        B        C        D        E       F      G
               +--------+--------+--------+--------+--------+-----+--------+
         Total |   2850 |   2746 |    104 |    116 |   1516 |   5 |  570.0 |
       Dungeon |   2518 |   2414 |    104 |    116 |   1484 |   4 |  629.5 |
         Sewer |    331 |    331 |      0 |      0 |     31 |   1 |  331.0 |
               +--------+--------+--------+--------+--------+-----+--------+

Top non-repeatable levels by time:
     D:3: 947 daAuts
     D:1: 712 daAuts
     D:2: 582 daAuts
   Sewer: 331 daAuts
     D:4: 276 daAuts
